 Dungeon Crawl Stone Soup version 0.30.0-19-g36f170ea60 (webtiles) character file.

Game seed: 6067299891079772969

7566 GimliDwarf the Zephyrmancer (level 11, -7/60 HPs)
             Began as a Tengu Air Elementalist on May 30, 2023.
             Was a Believer of Vehumet.
             Shot with an arrow by a centaur warrior (19 damage)
             ... on level 8 of the Dungeon.
             The game lasted 00:52:45 (13545 turns).

GimliDwarf the Zephyrmancer (TeAE)                 Turns: 13545, Time: 00:52:46

Health: -7/60      AC:  5    Str:  8    XL:     11   Next: 17%
Magic:  12/25      EV: 15    Int: 21    God:    Vehumet [**....]
Gold:   600        SH:  7    Dex: 14    Spells: 10/29 levels left

rFire   . . .        p - +0 long sword
rCold   . . .        h - +2 buckler
rNeg    . . .        y - +2 robe {Will+}
rPois   +            (helmet restricted)
rElec   .            (no cloak)
rCorr   .            t - +0 pair of gloves
SInv    .            (boots unavailable)
Will    +....        (no amulet)
Stlth   ++           i - ring of poison resistance
HPRegen 0.30/turn    s - ring of wizardry
MPRegen 0.19/turn

%: wizardry (x1)
@: flying quickly and evasively, quick
A: beak, talons 3, nimble flight
a: Renounce Religion


You were on level 8 of the Dungeon.
You worshipped Vehumet.
Vehumet was pleased with you.
You visited 2 branches of the dungeon, and saw 9 of its levels.

You collected 600 gold pieces.

Inventory:

Hand Weapons
 p - a +0 long sword (weapon)
 q - a +0 longbow
 B - the +7 falchion "Bikhionu" {flame, rF- rC+ Int+3}
   (You took it off a kobold brigand on level 8 of the Dungeon)

   Int:       It affects your intelligence (+3).
   rF:        It makes you vulnerable to fire.
   rC:        It protects you from cold.
 C - the +5 hand axe of Quantum Leap {pain, rF+ Str+2}
   (You took it off an orc priest on level 8 of the Dungeon)

   Str:       It affects your strength (+2).
   rF:        It protects you from fire.
Missiles
 g - 24 poisoned darts
 u - 2 atropa-tipped darts
Armour
 h - a +2 buckler (worn)
 t - a +0 pair of gloves (worn)
 w - a +1 robe of fire resistance
 y - a +2 robe of willpower (worn)
Jewellery
 i - a ring of poison resistance (left hand)
 k - a ring of protection from cold
 l - a ring of positive energy
 o - the amulet "Qeich" {Faith rPois Int+3}
   (You took it off a gnoll sergeant on level 8 of the Dungeon)

   [amulet of faith]

   It allows you to gain divine favour quickly.
   Int:       It affects your intelligence (+3).
   rPois:     It protects you from poison.
 r - a ring of ice
 s - a ring of wizardry (right hand)
 x - a ring of willpower
 A - the ring of the Trilobite {rElec EV+5 Str+3 Int-4 Dex+3}
   (You took it off a kobold brigand on level 8 of the Dungeon)

   [ring of evasion]

   EV:        It affects your evasion (+5).
   Str:       It affects your strength (+3).
   Int:       It affects your intelligence (-4).
   Dex:       It affects your dexterity (+3).
   rElec:     It insulates you from electricity.
Wands
 a - a wand of iceblast (4)
 c - a wand of flame (34) (quivered)
 n - a wand of mindburst (1)
Scrolls
 f - a scroll of fear
 j - 2 scrolls of fog
 m - 4 scrolls of teleportation
 v - a scroll of brand weapon {unknown}
 z - 2 scrolls of identify
Potions
 b - 3 potions of magic
 d - 3 potions of might
 e - 2 potions of haste


   Skills:
 * Level 3.1 Fighting
 * Level 3.7 Long Blades
 + Level 0.4 Throwing
 + Level 3.9 Dodging
 - Level 2.0 Stealth
 + Level 3.3 Shields
 * Level 9.9 Spellcasting
 * Level 4.2 Conjurations
 * Level 3.7 Transmutations
 + Level 13.2 Air Magic
 + Level 0.9 Evocations


You had 10 spell levels left.
You knew the following spells:

 Your Spells              Type           Power      Damage    Failure   Level
a - Shock                 Conj/Air       100%       1d9       1%          1
b - Static Discharge      Conj/Air       92%        2-6/arc   1%          2
c - Airstrike             Air            30%        2d(5-21)  1%          4
d - Blink                 Tloc           20%        N/A       6%          2
e - Wereblood             Tmut           26%        N/A       1%          2
f - Searing Ray           Conj           56%        2d6       1%          2
g - Conjure Ball Lightni  Conj/Air       23%        3x3d6     16%         6

Your spell library contained the following spells:

 Spells                   Type           Power      Damage    Failure   Level
 Freeze                   Ice            40%        1d6       4%          1
 Magic Dart               Conj           100%       1d8       1%          1
 Swiftness                Air            60%        N/A       1%          3
 Sublimation of Blood     Necr           10%        N/A       6%          2
 Fulminant Prism          Conj/Hex       9%         3d6       16%         4
 Petrify                  Tmut/Erth      18%        N/A       17%         4
 Irradiate                Conj/Tmut      13%        3d16      21%         5
 Manifold Assault         Tloc           10%        N/A       34%         4
 Storm Form               Tmut/Air       22%        N/A       67%         7
 Summon Hydra             Summ           5%         N/A       100%        7
 Discord                  Hex            5%         N/A       100%        8
 Disjunction              Tloc           5%         N/A       100%        8


Dungeon Overview and Level Annotations

Branches:
Dungeon (8/15)             Temple (1/1) D:6
   Lair: D:8-11

Altars:
Ashenzari
Dithmenos
Fedhas
Hepliaklqana
Kikubaaqudgha
Makhleb
Nemelex Xobeh
Ru
Sif Muna
Trog
Uskayaw
Vehumet
Wu Jian
Xom
Yredelemnul
Zin
The Shining One

Shops:
D:5 (


Innate Abilities, Weirdness & Mutations

You have a beak for a mouth.
You have claws for feet.
Your magical nature lets you fly swiftly and evasively.


Message History

a +0 scale mail; a +2 heavy spear; 4 stones
Okay, then.
You now have 600 gold pieces (gained 12).
r - a ring of ice
Items here: )) [[.
C - the +5 hand axe of Quantum Leap {pain, rF+ Str+2} You see here a +0 spear.
You see here a +0 flail.
Casting: Shock (safe; 1% risk of failure)
Confirm with . or Enter, or press ? or * to list all spells.
Okay, then.
Unknown command.
Casting: Shock (safe; 1% risk of failure)
Confirm with . or Enter, or press ? or * to list all spells.
Aiming: Airstrike (safe; 1% risk of failure)
Press: ? - help, Dir - move target, f - centaur warrior
Aim: a centaur warrior, wielding a +0 longbow (wandering, hasn't noticed you, empty space bonus: 4/8)
The air twists around and strikes the centaur warrior!
The centaur warrior shouts!
The centaur warrior is lightly wounded.
The centaur warrior shoots an arrow.
You block the arrow.
Casting: Airstrike (safe; 1% risk of failure)
Confirm with . or Enter, or press ? or * to list all spells.
Aiming: Airstrike (safe; 1% risk of failure)
Press: ? - help, Dir - move target, f/p - centaur warrior
Aim: a centaur warrior, wielding a +0 longbow (lightly wounded, empty space bonus: 4/8)
The air twists around and strikes the centaur warrior!
The centaur warrior is moderately wounded.
The centaur warrior shoots an arrow.
The arrow hits you!
Casting: Airstrike (safe; 1% risk of failure)
Confirm with . or Enter, or press ? or * to list all spells.
The spell is quite dangerous to miscast (16% risk of failure)!
Continue anyway?
You create some ball lightning! 3 ball lightnings come into view.
The centaur warrior shoots an arrow.
The arrow hits you!!
The centaur warrior shoots an arrow.
You block the arrow.
The centaur warrior shoots an arrow.
The arrow hits you!
* * * LOW HITPOINT WARNING * * *
The centaur warrior shoots an arrow.
The arrow hits you!!
You die...

##.....)}....#..§..#.........#
!#.##)|...##.#*....#.##.####.#
###.#######.####.###....####.#
.###..#.#..####c#####......#S#
..###.....####*#.##.##..##†#.#
#..####.####.#.#.#.#.##......#
.#..#8.8.8#..#.#.#.#.##.##.###
.[#.#.8.8.#..#.#.#.#.##.##.#
#..#.8.8.8.#.#.#@#.#)#..##.#
..#.#.8.8.##.#.#.#.#..#.##.###
.#..#8.8.8##.#.#.#.#..#.##...
#..####.#####.##.#.#.##.##.#####
..##z......#####.#.###...≈S≈≈≈≈≈
.##..##..#..## ##.###...#≈#####≈
##..####.##..###.###....#≈#
...## #.............#..#≈#
###########..####.......#≈#


You could see a centaur warrior.

Vanquished Creatures
  A catoblepas (D:8)
  2 two-headed ogres
  A manticore (D:8)
  A troll (D:8)
  A hornet (D:8)
  A slime creature (D:7)
  A shadow (D:8)
  2 wyverns
  A yak (D:7)
  2 steam dragons (D:8)
  A vampire mosquito (D:8)
  A water moccasin (D:8)
  3 sky beasts
  7 orc warriors
  2 ice beasts
  2 ogres (D:8)
  A centaur (D:8)
  2 kobold brigands
  2 gnoll sergeants (D:8)
  5 bullfrogs
  2 scorpions
  5 wights
  6 killer bees
  2 howler monkeys
  3 jellies
  3 hounds
  3 orc priests
  5 gnoll boudas
  3 iguanas (D:5)
  3 orc wizards (D:8)
  10 adders
  30 gnolls
  A shadow imp (D:6)
  4 white imps
  An ufetubus (D:6)
  2 dart slugs (D:3)
  3 worms
  46 orcs
  7 bats
  3 endoplasms (D:4)
  5 giant cockroaches
  14 hobgoblins
  7 quokkas
  8 ball pythons
  6 frilled lizards
  7 goblins
  17 kobolds
  7 rats
252 creatures vanquished.

Notes
Turn   | Place    | Note
-------+----------+-------------------------------------------
     0 | D:1      | GimliDwarf the Tengu Air Elementalist began the quest for
                  | the Orb.
     0 | D:1      | Reached XP level 1. HP: 10/10 MP: 4/4
   227 | D:1      | Reached XP level 2. HP: 15/15 MP: 1/6
   790 | D:1      | Reached XP level 3. HP: 19/19 MP: 5/7
  1166 | D:1      | Learned a level 2 spell: Static Discharge
  1606 | D:2      | Found a faded altar of an unknown god.
  1842 | D:2      | Reached skill level 1 in Shields
  1842 | D:2      | Reached XP level 4. HP: 15/24 MP: 3/9
  2355 | D:2      | Learned a level 4 spell: Airstrike
  2562 | D:3      | Reached skill level 5 in Air Magic
  3242 | D:3      | Gained mutation: Your magical nature lets you fly swiftly
                  | and evasively. [Tengu growth]
  3242 | D:3      | Reached XP level 5. HP: 24/28 MP: 3/10
  4419 | D:4      | Reached XP level 6. HP: 33/33 MP: 1/13
  4767 | D:4      | Learned a level 3 spell: Swiftness
  5306 | D:4      | Found a basalt altar of Yredelemnul.
  5579 | D:4      | Reached skill level 6 in Air Magic
  5750 | D:5      | Entered Level 5 of the Dungeon
  6077 | D:5      | Reached XP level 7. HP: 29/37 MP: 10/14
  6292 | D:5      | Found Vilovu's Weapon Boutique.
  6377 | D:5      | Reached skill level 1 in Fighting
  6450 | D:5      | Identified the staff of conjuration "Quthras" {+Blink Dex+2
                  | Stlth+}
  6844 | D:6      | Reached skill level 5 in Spellcasting
  6898 | D:6      | Reached skill level 1 in Long Blades
  6898 | D:6      | Reached skill level 7 in Air Magic
  6995 | D:6      | Reached XP level 8. HP: 43/43 MP: 5/17
  7755 | D:6      | Found a staircase to the Ecumenical Temple.
  7764 | Temple   | Entered the Ecumenical Temple
  7780 | Temple   | Became a worshipper of Vehumet
  7928 | D:6      | Learned a level 2 spell: Blink
  7935 | D:6      | Learned a level 2 spell: Wereblood
  7958 | D:7      | Noticed a wyvern
  7962 | D:7      | Killed a wyvern
  8067 | D:7      | Found an ancient bone altar of Kikubaaqudgha.
  8183 | D:7      | Reached skill level 8 in Air Magic
  8323 | D:7      | Reached skill level 1 in Transmutations
  8418 | D:7      | Learned a level 2 spell: Searing Ray
  8671 | D:7      | Noticed a two-headed ogre
  8671 | D:7      | Noticed a yak
  8692 | D:7      | Killed a yak
  8693 | D:7      | Reached skill level 9 in Air Magic
  8693 | D:7      | Reached XP level 9. HP: 37/48 MP: 9/20
  9803 | D:7      | Killed a two-headed ogre
  9804 | D:7      | Reached skill level 10 in Air Magic
  9901 | D:8      | Reached * piety under Vehumet
  9901 | D:8      | Offered knowledge of Kiss of Death by Vehumet.
  9987 | D:8      | Noticed a two-headed ogre
 10185 | D:8      | Noticed a hornet
 10198 | D:8      | Paralysed by a hornet for 3 turns
 10207 | D:8      | Killed a hornet
 10215 | D:8      | Reached skill level 11 in Air Magic
 10215 | D:8      | Reached XP level 10. HP: 42/54 MP: 1/23
 10600 | D:8      | Found a glowing silver altar of Zin.
 11271 | D:8      | Offered knowledge of Freeze by Vehumet.
 11379 | D:8      | Killed a two-headed ogre
 11380 | D:8      | Reached skill level 12 in Air Magic
 11382 | D:8      | Reached ** piety under Vehumet
 11406 | D:8      | Noticed a manticore
 11408 | D:8      | Noticed a catoblepas
 11423 | D:8      | Killed a manticore
 11482 | D:8      | Killed a catoblepas
 11667 | D:8      | Identified the +5 hand axe of Quantum Leap {pain, rF+
                  | Str+2}
 11912 | D:8      | Identified the +7 falchion "Bikhionu" {flame, rF- rC+
                  | Int+3}
 11912 | D:8      | Identified the ring of the Trilobite {rElec EV+5 Str+3
                  | Int-4 Dex+3}
 12022 | D:8      | Identified the amulet "Qeich" {Faith rPois Int+3}
 12331 | D:8      | Reached XP level 11. HP: 36/59 MP: 2/25
 12547 | D:8      | Found a glowing silver altar of Zin.
 12626 | D:7      | Reached skill level 13 in Air Magic
 12846 | D:8      | Noticed a centaur warrior
 13009 | D:7      | Learned a level 6 spell: Conjure Ball Lightning
 13024 | D:8      | Noticed a cyclops
 13049 | D:8      | HP: 2/59 [cyclops/large rock (22)]
 13545 | D:8      | Shot with an arrow by a centaur warrior

Illustrated notes

Levels and vault maps discovered:
D:1:      scummos_arrival_simple_fountains, layout_loops_ring,
          minmay_misc_feat_enclosed
D:2:      layout_loops_ring, basic_ecumenical_altar, nicolae_hexahallways
D:3:      minmay_razor_zed, layout_basic, minmay_misc_feat_nine_boxes
D:4:      layout_basic, kennysheep_mini, minmay_fractal_squares_5
D:5:      layout_loops_corners, serial_shops, shop
D:6:      layout_cave_pools, minmay_temple_entry_poolview, grunt_tough_drop
D:7:      kennysheep_big_flooded_room, layout_basic,
          mainiacjoe_overflow_small_starburst, minmay_misc_feat_rows
D:8:      minmay_the_grid_octo_tiled_octocenter [minmay_the_grid_octo_toaster,
          minmay_the_grid_octo_vomiting_pacman, minmay_the_grid_octo_teeth,
          minmay_the_grid_octo_thin_diamonds,
          minmay_the_grid_octo_prize_ultimate_mussel_roller,
          minmay_the_grid_square_5x5_one_wall,
          minmay_the_grid_square_5x5_inner_v,
          minmay_the_grid_square_5x5_percent,
          minmay_the_grid_square_5x5_checkered_statues], layout_loops_ring,
          mainiacjoe_overflow_catwalk, nicolae_overflow_two_pavilions,
          special_room [special_room_orc], kennysheep_generic_room_8
Temple:   nicolae_temple_bog_church

Skill      XL: |  1  2  3  4  5  6  7  8  9 10 11 |
---------------+----------------------------------+-----
Shields        | 1 2 3 |  3.3
Air Magic      | 5 6 7 9 11 12 13 | 13.2
Spellcasting   | 3 4 5 6 8 9 |  9.9
Conjurations   | 2 3 4 |  4.2
Fighting       | 1 2 3 |  3.1
Dodging        | 3 |  3.9
Long Blades    | 1 2 3 |  3.7
Transmutations | 1 2 3 |  3.7
Throwing       | |  0.4
Stealth        | |  2.0
Evocations     | |  0.9

Action                     |  1- 3 |  4- 6 |  7- 9 | 10-12 || total
---------------------------+-------+-------+-------+-------++-------
  Melee: Dagger            |    25 |       |       |       ||    25
         Peck              |     5 |     2 |     7 |     6 ||    20
         Kick              |     5 |     2 |    13 |     9 ||    29
         Punch             |     1 |       |       |       ||     1
         Long sword        |       |    11 |    68 |    34 ||   113
  Throw: Dart              |       |     6 |     4 |     4 ||    14
   Cast: Shock             |    83 |   166 |    89 |    96 ||   434
         Airstrike         |       |     5 |    49 |    69 ||   123
         Static Discharge  |       |     1 |       |       ||     1
         Searing Ray       |       |       |     1 |     2 ||     3
         Blink             |       |       |       |     1 ||     1
         Conjure Ball Ligh |       |       |       |     1 ||     1
  Evoke: Wand              |       |       |     2 |    21 ||    23
    Use: Scroll            |     2 |    13 |     5 |     3 ||    23
         Potion            |       |       |     2 |     3 ||     5
   Stab: Sleeping          |       |     1 |     2 |       ||     3
 Armour: Robe              |     5 |     5 |    19 |    13 ||    42
  Dodge: Dodged            |    20 |    28 |    98 |    52 ||   198
  Block: Buckler           |       |       |    29 |    26 ||    55
